 Dungeon Crawl Stone Soup version 0.17-a0-755-g4391640 (webtiles) character file.

112 oplop the Digger (level 4, 0/36 HPs)
             Began as a Deep Dwarf Earth Elementalist on Apr 22, 2015.
             Killed from afar by sose's ghost (8 damage)
             ... with a magic dart
             ... on level 3 of the Dungeon.
             The game lasted 00:04:56 (1827 turns).

oplop the Digger (Deep Dwarf Earth Elementalist)    Turns: 1827, Time: 00:04:57

Health: 0/36       AC:  4    Str: 12    XL:     4   Next: 63%
Magic:  1/7        EV: 12    Int: 16    God:
Gold:   225        SH:  0    Dex: 13    Spells: 1 memorised, 7 levels left

rFire  . . .     SeeInvis .     a - 182 stones
rCold  . . .     Clarity  .     b - +0 robe
rNeg   . . .     SustAb   .     (no shield)
rPois  .         Gourm    .     (no helmet)
rElec  .         Spirit   .     o - +0 cloak
rCorr  .         Warding  .     q - +0 pair of gloves
rMut   .         Stasis   .     (no boots)
MR     .....                    (no amulet)
Stlth  ++........               (no ring)
                                (no ring)

@: non-regenerating, not resistant to hostile enchantments, unstealthy
A: damage resistance, recharge devices, sense surroundings 1, slow healing 3
a: Device Recharging


You were on level 3 of the Dungeon.
You were not hungry.

You visited 1 branch of the dungeon, and saw 3 of its levels.

You collected 225 gold pieces.

Inventory:

Hand weapons
 f - a +2 whip of freezing
Missiles
 a - 182 stones (in hand)
Armour
 b - a +0 robe (worn)
 o - a +0 cloak (worn)
 q - a +0 pair of gloves (worn)
Magical devices
 d - a wand of heal wounds (3)
Scrolls
 g - 2 scrolls of fear {unknown}
 j - 3 scrolls of blinking {unknown}
 k - 3 scrolls of identify {unknown}
 m - a scroll of magic mapping {unknown}
 r - a scroll of immolation {unknown}
 s - 2 scrolls of teleportation {unknown}
 u - 2 scrolls of fog {unknown}
 v - a scroll of enchant armour {unknown}
Potions
 h - a potion of agility {unknown}
 n - a potion of heal wounds {unknown}
 t - a potion of brilliance {unknown}
 w - a potion of cure mutation {unknown}
Books
 c - a book of Geomancy

   Spells                             Type                      Level
   a - Sandblast                      Earth                        1
   b - Stoneskin                      Transmutation/Earth          2
   c - Passwall                       Transmutation/Earth          3
   d - Stone Arrow                    Conjuration/Earth            3
   e - Petrify                        Transmutation/Earth          4
   f - Lee's Rapid Deconstruction     Earth                        5
Comestibles
 e - a bread ration
 i - a slice of pizza
 l - 4 meat rations
 p - a royal jelly


   Skills:
 + Level 2.3 Maces & Flails
 - Level 2.1 Dodging
 - Level 2.4 Stealth
 + Level 2.5 Spellcasting
   Level 0.8 Transmutations
 + Level 5.4 Earth Magic


You had 7 spell levels left.
You knew the following spells:

 Your Spells              Type           Power        Failure   Level  Hunger
a - Sandblast             Erth           ###...       1%          1    #......


Dungeon Overview and Level Annotations

Branches:
Dungeon (3/15)

Altars:
The Shining One

Portals:
Sewer: D:3

Annotations:
D:3 sose's ghost, average VSCj


Innate Abilities, Weirdness & Mutations

You are resistant to damage.
You can recharge devices by infusing magical energy.
You passively map a small area around you.
You do not heal naturally.


Message History

Confirm with . or Enter, or press ? or * to list all spells.
Aiming: Sandblast
Press: ? - help, Shift-Dir - straight line, f/p - sose's ghost
Aim: sose's ghost (severely damaged)
The rocky blast hits sose's ghost.
Sose's ghost is severely damaged.
Sose's ghost gestures at you while chanting.
The magic dart hits you!
Casting: Sandblast
Confirm with . or Enter, or press ? or * to list all spells.
Aiming: Sandblast
Press: ? - help, Shift-Dir - straight line, f/p - sose's ghost
Aim: sose's ghost (severely damaged)
The rocky blast hits sose's ghost.
Sose's ghost is severely damaged.
Sose's ghost hits you.
* * * LOW HITPOINT WARNING * * *
Sose's ghost casts a spell at you. The magic dart hits you!
You die...

.#ā‰ˆā‰ˆsā‰ˆS#..# #.#.#
.#######.## #.#.# ###
,.........# #W#.# ...
####.###.# ,....# ##. *
#.. *#W# * #.## , , ,, #.#
* #.# #.# #.# * #.######.#
#.# * #.W.@..#.# #.#
######.#.# #.# , #.#.# #.#
#.# #.#.# #.# #.# #.#.#
#.# #.# #.#.# #<#
#########.##### #>#.# #.#
#.............####.#.###.#
.<#######.##.............#


You could see sose's ghost.

Vanquished Creatures
  4 adders
  An ooze (D:3)
  4 worms
  A giant gecko (D:1)
  5 orcs (D:3)
  9 bats
  6 giant cockroaches
  4 hobgoblins (D:2)
  3 ball pythons
  3 giant newts (D:2)
  8 goblins
  7 kobolds
  5 rats
60 creatures vanquished.

Notes
Turn   | Place    | Note
--------------------------------------------------------------
     0 | D:1      | oplop, the Deep Dwarf Earth Elementalist, began the quest for the Orb.
     0 | D:1      | Reached XP level 1. HP: 15/15 MP: 3/3
    28 | D:1      | Found a glowing golden altar of the Shining One.
   469 | D:1      | Reached XP level 2. HP: 17/22 MP: 3/5
   784 | D:2      | Reached skill level 1 in Maces & Flails
   806 | D:2      | Reached XP level 3. HP: 21/28 MP: 3/6
  1030 | D:2      | Reached skill level 5 in Earth Magic
  1533 | D:3      | Reached XP level 4. HP: 24/36 MP: 4/7
  1790 | D:3      | Noticed sose's ghost (average VSCj)
  1799 | D:3      | Found a glowing drain.
  1827 | D:3      | Killed from afar by sose's ghost

Action                   |  1- 3 |  4- 6 || total
-------------------------+-------+-------++-------
Melee: Whip              |   102 |    25 ||   127
 Cast: Sandblast         |    22 |    20 ||    42
Evoke: Wand              |     1 |     1 ||     2
 Stab: Sleeping          |     2 |     3 ||     5
       Distracted        |       |     1 ||     1
  Eat: Bread ration      |     1 |       ||     1
